| TOP OF THE 1ST |
|
Syracuse Chiefs batting - Pitching for Indianapolis Indians : RHP Jeremy Parsnip
|
|
Pitching: RHP Jeremy Parsnip
|
|
|
Batting: LHB Dillon Gonzalez
|
0-0: SOLO HOME RUN (Line Drive, 9LD, EV 94.4 MPH), Distance : 341 ft
|
|
Batting: LHB Sidney Pedder
|
0-0: Foul Ball, location: 2F 0-1: Ball 1-1: Ball 2-1: Foul Ball, location: 2F 2-2: Foul Ball, location: 2F 2-2: Strikes out swinging
|
|
Batting: LHB Dana McDonald
|
0-0: Ball 1-0: Ball 2-0: Called Strike 2-1: Ball 3-1: Foul Ball, location: 2F 3-2: Base on Balls
|
|
Batting: RHB Jared Speck
|
0-0: Ball 1-0: Swinging Strike 1-1: Ball 2-1: Swinging Strike 2-2: Strikes out swinging
|
|
Batting: RHB Danny Gerardo
|
0-0: Ball Dana McDonald steals 2nd base 1-0: Called Strike 1-1: Foul Ball, location: 2F 1-2: Foul Ball, location: 2F 1-2: Ball 2-2: Foul Ball, location: 2F 2-2: Fly out, F8 (Flyball, 8LM, EV 98.1 MPH)
|
| Top of the 1st over - 1 run, 1 hit, 0 errors, 1 left on base; Syracuse 1 - Indianapolis 0 |
| BOTTOM OF THE 1ST |
|
Indianapolis Indians batting - Pitching for Syracuse Chiefs : LHP Brian Walters
|
|
Pitching: LHP Brian Walters
|
|
|
Batting: LHB Jorge Quintana
|
0-0: Fly out, F7 (Flyball, 7D, EV 83.8 MPH)
|
|
Batting: RHB David Contreras
|
0-0: Ball 1-0: Foul Ball, location: 2F 1-1: Foul Ball, location: 2F 1-2: Foul Ball, location: 2F 1-2: Ball 2-2: Ball 3-2: Foul Ball, location: 2F 3-2: Foul Ball, location: 2F 3-2: SINGLE (Line Drive, 9S, EV 98.1 MPH)
|
|
Batting: RHB Mike Cochran
|
0-0: Called Strike 0-1: Ball 1-1: Ball 2-1: Ball 3-1: Base on Balls David Contreras to second
|
|
Batting: LHB Marc Carter
|
0-0: Grounds into double play, 4-6-3 (Groundball, 4, EV 80.6 MPH)
|
| Bottom of the 1st over - 0 runs, 1 hit, 0 errors, 1 left on base; Syracuse 1 - Indianapolis 0 |
| TOP OF THE 2ND |
|
Syracuse Chiefs batting - Pitching for Indianapolis Indians : RHP Jeremy Parsnip
|
|
Batting: RHB Ben Welt
|
0-0: Swinging Strike 0-1: Swinging Strike 0-2: Strikes out looking
|
|
Batting: RHB Niek de Haan
|
0-0: Ball 1-0: Ground out 5-3 (Groundball, 5S, EV 90.6 MPH)
|
|
Batting: RHB Rene Montoya
|
0-0: Called Strike 0-1: Ball 1-1: Foul Ball, location: 2F 1-2: Strikes out looking
|
| Top of the 2nd over - 0 runs, 0 hits, 0 errors, 0 left on base; Syracuse 1 - Indianapolis 0 |
| BOTTOM OF THE 2ND |
|
Indianapolis Indians batting - Pitching for Syracuse Chiefs : LHP Brian Walters
|
|
Batting: RHB Kirk Seiffert
|
0-0: SOLO HOME RUN (Line Drive, 78XD, EV 116.3 MPH), Distance : 447 ft
|
|
Batting: RHB Bubba Tierney
|
0-0: Ball 1-0: Ball 2-0: Bunt missed! 2-1: Swinging Strike 2-2: Foul Ball, location: 2F 2-2: Foul Ball, location: 2F 2-2: Hit by Pitch
|
|
Batting: LHB Pat Sutton
|
0-0: Ball 1-0: Foul Ball, location: 2F 1-1: Ball 2-1: 2-RUN HOME RUN (Flyball, 9D, EV 98.1 MPH), Distance : 355 ft
|
|
Batting: RHB Caleb Russell
|
0-0: Called Strike 0-1: SINGLE (Line Drive, 78S, EV 107.5 MPH)
|
|
Batting: RHB Jorge Cruz
|
0-0: DOUBLE (Line Drive, 89M, EV 113.8 MPH) Caleb Russell to third Runner from 3rd tries for Home, SAFE, no throw by RF
|
|
Batting: LHB Jorge Quintana
|
0-0: Called Strike 0-1: Called Strike 0-2: Ball 1-2: SINGLE (Groundball, 6S, EV 61.9 MPH) (infield hit) Jorge Cruz to third
|
|
Batting: RHB David Contreras
|
0-0: Ball 1-0: Called Strike 1-1: Foul Ball, location: 2F 1-2: TRIPLE (Flyball, 89XD, EV 100.0 MPH) Jorge Cruz scores Jorge Quintana scores
|
|
Pitching: RHP Jose Barreras
|
|
|
Batting: RHB Mike Cochran
|
0-0: Foul Ball, location: 2F 0-1: Ground out 6-3 (Groundball, 6, EV 85.6 MPH) David Contreras scores
|
|
Batting: LHB Marc Carter
|
0-0: Ball 1-0: Fly out, F7 (Flyball, 7S, EV 83.8 MPH)
|
|
Batting: RHB Kirk Seiffert
|
0-0: Ball 1-0: Swinging Strike 1-1: Ball 2-1: Swinging Strike 2-2: Foul Ball, location: 2F 2-2: Foul Ball, location: 2F 2-2: Strikes out looking
|
| Bottom of the 2nd over - 7 runs, 6 hits, 0 errors, 0 left on base; Syracuse 1 - Indianapolis 7 |
| TOP OF THE 3RD |
|
Syracuse Chiefs batting - Pitching for Indianapolis Indians : RHP Jeremy Parsnip
|
|
Batting: RHB Ryota Tenno
|
0-0: Swinging Strike 0-1: Foul Ball, location: 2F 0-2: Strikes out swinging
|
|
Batting: LHB Dillon Gonzalez
|
0-0: Called Strike 0-1: Ball 1-1: Ball 2-1: Called Strike 2-2: Ball 3-2: Ground out 5-3 (Groundball, 56, EV 88.8 MPH)
|
|
Batting: LHB Sidney Pedder
|
0-0: Called Strike 0-1: Ball 1-1: Called Strike 1-2: Foul Ball, location: 2F 1-2: Foul Ball, location: 2F 1-2: Foul Ball, location: 2F 1-2: Ball 2-2: Ground out 1-3 (Groundball, 13S, EV 61.3 MPH)
|
| Top of the 3rd over - 0 runs, 0 hits, 0 errors, 0 left on base; Syracuse 1 - Indianapolis 7 |
| BOTTOM OF THE 3RD |
|
Indianapolis Indians batting - Pitching for Syracuse Chiefs : RHP Jose Barreras
|
|
Batting: RHB Bubba Tierney
|
0-0: Ground out U3 (Groundball, 34S, EV 66.9 MPH)
|
|
Batting: LHB Pat Sutton
|
0-0: Ball 1-0: Ball 2-0: Ball 3-0: Called Strike 3-1: DOUBLE (Line Drive, 89XD, EV 105.0 MPH)
|
|
Batting: RHB Caleb Russell
|
0-0: Ball 1-0: Called Strike 1-1: Ball 2-1: Ball Wild Pitch! Pat Sutton to third 3-1: Base on Balls
|
|
Batting: RHB Jorge Cruz
|
0-0: Called Strike Caleb Russell steals 2nd base 0-1: Ball 1-1: DOUBLE (Groundball, 5L, EV 103.1 MPH) Pat Sutton scores Caleb Russell scores
|
|
Batting: LHB Jorge Quintana
|
0-0: Ball 1-0: Ground out 4-3 (Groundball, 4, EV 80.6 MPH) Jorge Cruz to third
|
|
Batting: RHB David Contreras
|
0-0: Fly out, F7 (Line Drive, 7, EV 103.1 MPH)
|
| Bottom of the 3rd over - 2 runs, 2 hits, 0 errors, 1 left on base; Syracuse 1 - Indianapolis 9 |
| TOP OF THE 4TH |
|
Syracuse Chiefs batting - Pitching for Indianapolis Indians : RHP Jeremy Parsnip
|
|
Batting: LHB Dana McDonald
|
0-0: Ground out 6-3 (Groundball, 6, EV 87.5 MPH)
|
|
Batting: RHB Jared Speck
|
0-0: Foul Ball, location: 2F 0-1: Ball 1-1: Ground out 3-1 (Groundball, 34, EV 88.1 MPH)
|
|
Batting: RHB Danny Gerardo
|
0-0: Foul Ball, location: 2F 0-1: Ball 1-1: Foul Ball, location: 2F 1-2: Ground out 4-3 (Groundball, 4, EV 83.8 MPH)
|
| Top of the 4th over - 0 runs, 0 hits, 0 errors, 0 left on base; Syracuse 1 - Indianapolis 9 |
| BOTTOM OF THE 4TH |
|
Indianapolis Indians batting - Pitching for Syracuse Chiefs : RHP Jose Barreras
|
|
Batting: RHB Mike Cochran
|
0-0: Fly out, F9 (Flyball, 9D, EV 101.3 MPH)
|
|
Batting: LHB Marc Carter
|
0-0: Ball 1-0: Ball 2-0: Called Strike 2-1: Foul Ball, location: 2F 2-2: Ground out U3 (Groundball, 34, EV 105.0 MPH)
|
|
Batting: RHB Kirk Seiffert
|
0-0: Ball 1-0: Fly out, F9 (Flyball, 9, EV 88.1 MPH)
|
| Bottom of the 4th over - 0 runs, 0 hits, 0 errors, 0 left on base; Syracuse 1 - Indianapolis 9 |
| TOP OF THE 5TH |
|
Syracuse Chiefs batting - Pitching for Indianapolis Indians : RHP Jeremy Parsnip
|
|
Batting: RHB Ben Welt
|
0-0: Ground out 5-3 (Groundball, 56, EV 108.1 MPH)
|
|
Batting: RHB Niek de Haan
|
0-0: Ball 1-0: Ground out 6-3 (Groundball, 6, EV 102.5 MPH)
|
|
Batting: RHB Rene Montoya
|
0-0: Called Strike 0-1: Foul Ball, location: 2F 0-2: Foul Ball, location: 2F 0-2: Ball 1-2: Strikes out looking
|
| Top of the 5th over - 0 runs, 0 hits, 0 errors, 0 left on base; Syracuse 1 - Indianapolis 9 |
| BOTTOM OF THE 5TH |
|
Indianapolis Indians batting - Pitching for Syracuse Chiefs : RHP Jose Barreras
|
|
Batting: RHB Bubba Tierney
|
0-0: Ground out 3-1 (Groundball, 34, EV 83.8 MPH)
|
|
Batting: LHB Pat Sutton
|
0-0: Fly out, F5 (Line Drive, 5, EV 68.8 MPH)
|
|
Batting: RHB Caleb Russell
|
0-0: Foul Ball, location: 2F 0-1: Ground out 5-3 (Groundball, 5, EV 103.1 MPH)
|
| Bottom of the 5th over - 0 runs, 0 hits, 0 errors, 0 left on base; Syracuse 1 - Indianapolis 9 |
| TOP OF THE 6TH |
|
Syracuse Chiefs batting - Pitching for Indianapolis Indians : RHP Jeremy Parsnip
|
|
Batting: RHB Ryota Tenno
|
0-0: Swinging Strike 0-1: Fly out, F3 (Line Drive, 3, EV 73.1 MPH)
|
|
Batting: LHB Dillon Gonzalez
|
0-0: Ball 1-0: Ground out 6-3 (Groundball, 6S, EV 66.3 MPH)
|
|
Batting: LHB Sidney Pedder
|
0-0: Ball 1-0: Ball 2-0: Called Strike 2-1: Ball 3-1: Called Strike 3-2: Base on Balls
|
|
Batting: LHB Dana McDonald
|
0-0: Swinging Strike Sidney Pedder steals 2nd base 0-1: Ball 1-1: Called Strike 1-2: Strikes out swinging
|
| Top of the 6th over - 0 runs, 0 hits, 0 errors, 1 left on base; Syracuse 1 - Indianapolis 9 |
| BOTTOM OF THE 6TH |
|
Indianapolis Indians batting - Pitching for Syracuse Chiefs : RHP Jose Barreras
|
|
Batting: RHB Jorge Cruz
|
0-0: Ball 1-0: Foul Ball, location: 2F 1-1: Foul Ball, location: 2F 1-2: Ball 2-2: Ball 3-2: SINGLE (Groundball, 5L, EV 98.1 MPH)
|
|
Batting: LHB Jorge Quintana
|
0-0: Ball 1-0: Called Strike 1-1: Foul Ball, location: 2F 1-2: Fielders Choice at 2nd, 5-4 (Groundball, 5, EV 79.4 MPH)
|
|
Batting: RHB David Contreras
|
0-0: Called Strike 0-1: Ball 1-1: Ball 2-1: Ball 3-1: Foul Ball, location: 2F 3-2: DOUBLE (Line Drive, 7LM, EV 91.9 MPH) Jorge Quintana to third Runner from 3rd tries for Home, SAFE, throw by LF to trailing runner, SAFE at third!
|
|
Pitching: RHP Daniel Humphrey
|
|
|
Batting: RHB Mike Cochran
|
0-0: Fly out, F9 (Line Drive, 9, EV 90.0 MPH)
|
|
Batting: LHB Marc Carter
|
0-0: Ball 1-0: SINGLE (Groundball, 56S, EV 74.4 MPH) (infield hit) David Contreras scores
|
|
Batting: RHB Kirk Seiffert
|
0-0: Called Strike 0-1: Called Strike 0-2: Ground out U3 (Groundball, 3S, EV 81.9 MPH)
|
| Bottom of the 6th over - 2 runs, 3 hits, 0 errors, 1 left on base; Syracuse 1 - Indianapolis 11 |
| TOP OF THE 7TH |
|
Syracuse Chiefs batting - Pitching for Indianapolis Indians : RHP Jeremy Parsnip
|
|
Batting: RHB Jared Speck
|
0-0: Called Strike 0-1: Called Strike 0-2: Ground out 4-3 (Groundball, 34D, EV 104.4 MPH)
|
|
Pinch Hitting: RHB Ryan Short
|
0-0: Ground out 4-3 (Groundball, 4MS, EV 91.9 MPH)
|
|
Batting: RHB Ben Welt
|
0-0: Called Strike 0-1: Called Strike 0-2: Foul Ball, location: 2F 0-2: Fly out, F6 (Line Drive, 6, EV 65.6 MPH)
|
| Top of the 7th over - 0 runs, 0 hits, 0 errors, 0 left on base; Syracuse 1 - Indianapolis 11 |
| BOTTOM OF THE 7TH |
|
Indianapolis Indians batting - Pitching for Syracuse Chiefs : RHP Daniel Humphrey
|
|
Now at SS: Ryan Short
|
|
|
Pinch Hitting: RHB Chris McCoy
|
0-0: Ball 1-0: Ground out 4-3 (Groundball, 4, EV 91.9 MPH)
|
|
Batting: SHB Louie Horne
|
0-0: Ball 1-0: Ball 2-0: Called Strike 2-1: DOUBLE (Groundball, 3L, EV 95.0 MPH)
|
|
Batting: RHB Caleb Russell
|
0-0: Foul Ball, location: 2F 0-1: Ground out 6-3 (Groundball, 6S, EV 91.3 MPH)
|
|
Batting: RHB Jorge Cruz
|
0-0: Ball 1-0: Ball 2-0: Swinging Strike 2-1: Swinging Strike 2-2: Ground out 1-3 (Groundball, 15S, EV 68.1 MPH)
|
| Bottom of the 7th over - 0 runs, 1 hit, 0 errors, 1 left on base; Syracuse 1 - Indianapolis 11 |
| TOP OF THE 8TH |
|
Syracuse Chiefs batting - Pitching for Indianapolis Indians : RHP Jeremy Parsnip
|
|
Now at 3B: Chris McCoy
|
|
|
Now at SS: Kirk Seiffert
|
|
|
Batting: RHB Niek de Haan
|
0-0: Called Strike 0-1: Ball 1-1: Foul Ball, location: 2F 1-2: Ball 2-2: Ground out 6-3 (Groundball, 6, EV 108.8 MPH)
|
|
Batting: RHB Rene Montoya
|
0-0: Called Strike 0-1: Ground out U3 (Groundball, 3, EV 103.1 MPH)
|
|
Batting: RHB Ryota Tenno
|
0-0: Ball 1-0: Called Strike 1-1: Hit by Pitch
|
|
Pitching: RHP Tony Contreras
|
|
|
Batting: LHB Dillon Gonzalez
|
0-0: Swinging Strike 0-1: Foul Ball, location: 2F 0-2: Ground out U3 (Groundball, 34, EV 88.1 MPH)
|
| Top of the 8th over - 0 runs, 0 hits, 0 errors, 1 left on base; Syracuse 1 - Indianapolis 11 |
| BOTTOM OF THE 8TH |
|
Indianapolis Indians batting - Pitching for Syracuse Chiefs : RHP Daniel Humphrey
|
|
Batting: LHB Jorge Quintana
|
0-0: Swinging Strike 0-1: Ball 1-1: Ball 2-1: Foul Ball, location: 2F 2-2: Foul Ball, location: 2F 2-2: Ball 3-2: Ground out U3 (Groundball, 3, EV 84.4 MPH)
|
|
Batting: RHB David Contreras
|
0-0: Ground out 6-3 (Groundball, 6, EV 75.6 MPH)
|
|
Batting: RHB Mike Cochran
|
0-0: SINGLE (Groundball, 34D, EV 95.6 MPH)
|
|
Batting: LHB Marc Carter
|
0-0: Fly out, F6 (Popup, 6MD, EV 53.8 MPH)
|
| Bottom of the 8th over - 0 runs, 1 hit, 0 errors, 1 left on base; Syracuse 1 - Indianapolis 11 |
| TOP OF THE 9TH |
|
Syracuse Chiefs batting - Pitching for Indianapolis Indians : RHP Tony Contreras
|
|
Batting: LHB Sidney Pedder
|
0-0: Ball 1-0: Called Strike 1-1: Ball 2-1: Ground out 4-3 (Groundball, 4, EV 103.1 MPH)
|
|
Batting: LHB Dana McDonald
|
0-0: Ball 1-0: Called Strike 1-1: Swinging Strike 1-2: Ball 2-2: Strikes out swinging
|
|
Batting: RHB Jared Speck
|
0-0: Ball 1-0: Foul Ball, location: 2F 1-1: Swinging Strike 1-2: Ball 2-2: DOUBLE (Groundball, 5L, EV 96.9 MPH)
|
|
Batting: RHB Ryan Short
|
0-0: Ground out 5-3 (Groundball, 56S, EV 91.9 MPH)
|
| Top of the 9th over - 0 runs, 1 hit, 0 errors, 1 left on base; Syracuse 1 - Indianapolis 11 |
|